AoeStats
← Zatára

Arena

504561788Analyzed
1v1 RM · 27d ago on Sep 5, 2026· 14m 47s· 2 players
Game mode
Random Map
Map size
Tiny (2 player)
Population
200
Speed
Normal
Resources
Standard
Victory
Conquest
Starting age
Dark Age
Ending age
Imperial Age
RankedLock teamsTeams togetherTeam positionsShared explorationLock speedFull tech treeHidden civsTurbo modeCheats
Victory
Defeat
🇪🇸 Franks · Spain
1624
+16
🇺🇸 Portuguese · United States
1630
-16
Zatára
10:26 Feudal Age
14:32 Castle Age
12:48 Double-Bit Axe
14:36 Light Cavalry
srahf
5:11 Loom
10:53 Feudal Age
14:37 Castle Age
13:46 Fletching
Connection lost

Rejoining the realm…

Still unreachable

The connection could not be restored.

Session expired

The server has moved on; the page needs a fresh start.